 Dungeon Crawl Stone Soup version 0.31.0-12-g77e489cdc1 (webtiles) character file.

Game seed: 12035414670524112275

4095 McKennaii the Destroyer (level 9, 0/62 HPs)
             Began as a Demigod Conjurer on Feb 24, 2024.
             Slain by a steam dragon (3 damage)
             ... on level 9 of the Dungeon.
             The game lasted 00:11:00 (10211 turns).

McKennaii the Destroyer (Demigod Conjurer)         Turns: 10211, Time: 00:11:01

Health: 0/62       AC:  4    Str:  8    XL:     9   Next: 77%
Magic:  13/26      EV: 12    Int: 32    God:
Gold:   625        SH:  0    Dex: 12    Spells: 19/26 levels left

rFire   . . .        g - +3 rapier "Piatung" {venom, rElec rCorr}
rCold   + . .        (no shield)
rNeg    + . .        D - +1 robe {rN+}
rPois   .            (no helmet)
rElec   +            (no cloak)
rCorr   +            l - +0 pair of gloves
SInv    .            (no boots)
Will    .....        (no amulet)
Stlth   ++           i - ring of protection from cold
HPRegen 0.30/turn    w - +4 ring of slaying
MPRegen 0.20/turn

%: no passive effects
@: no status effects
A: high MP 1, forlorn, divine attributes
a: no special abilities


You were on level 9 of the Dungeon.
You visited 1 branch of the dungeon, and saw 9 of its levels.
You also visited: Ossuary.

You collected 625 gold pieces.

Inventory:

Hand Weapons
 g - the +3 rapier "Piatung" (weapon) {venom, rElec rCorr}
   (You found it on level 2 of the Dungeon)

   rElec:     It insulates you from electricity.
   rCorr:     It protects you from acid and corrosion.
Armour
 l - a +0 pair of gloves (worn)
 C - +0 acid dragon scales
 D - a +1 robe of positive energy (worn)
Magical Staves
 f - a staff of cold
Jewellery
 a - a ring of poison resistance
 i - a ring of protection from cold (left hand)
 w - a +4 ring of slaying (right hand)
 A - a ring of fire
Wands
 d - a wand of flame (12)
 x - a wand of quicksilver (14)
Scrolls
 j - a scroll of acquirement
 k - 4 scrolls of teleportation
 m - 2 scrolls of noise
 n - 2 scrolls of enchant armour
 o - a scroll of poison
 q - a scroll of torment
 u - 4 scrolls of enchant weapon
 v - a scroll of brand weapon {unknown}
 y - a scroll of blinking
 z - a scroll of vulnerability {unknown}
 B - 3 scrolls of identify
 E - a scroll of fear {unknown}
 H - a scroll of revelation {unknown}
Potions
 b - a potion of magic
 c - a potion of ambrosia
 e - 4 potions of curing
 h - 4 potions of brilliance {unknown}
 p - 2 potions of resistance {unknown}
 r - a potion of mutation {unknown}
 s - 2 potions of might {unknown}
 t - 2 potions of haste {unknown}
 F - 2 potions of enlightenment {unknown}
 G - a potion of lignification {unknown}


   Skills:
 - Level 1.7 Dodging
 - Level 1.7 Stealth
 + Level 9.1 Spellcasting
 - Level 10.0 Conjurations


You had 19 spell levels left.
You knew the following spells:

 Your Spells              Type           Power      Damage    Failure   Level
a - Magic Dart            Conj           100%       1d8       1%          1
b - Searing Ray           Conj           100%       2d8       1%          2
c - Iskenderun's Mystic   Conj/Tloc      46%        2d10      4%          4

Your spell library contained the following spells:

 Spells                   Type           Power      Damage    Failure   Level
 Sting                    Conj/Alch      100%       1d9       1%          1
 Momentum Strike          Conj/Tloc      92%        3d10      1%          2
 Apportation              Tloc           28%        N/A       3%          1
 Necrotise                Necr           56%        1d6       3%          1
 Summon Small Mammal      Summ           56%        N/A       3%          1
 Blink                    Tloc           28%        N/A       4%          2
 Cigotuvi's Dreadful Rot  Necr/Alch/Air  28%        N/A       4%          2
 Ensorcelled Hibernation  Hex/Ice        28%        N/A       4%          2
 Lesser Beckoning         Tloc           28%        N/A       4%          2
 Flame Wave               Conj/Fire      46%        2d12      4%          4
 Fulminant Prism          Conj/Alch      23%        3d12      4%          4
 Call Canine Familiar     Summ           14%        N/A       10%         3
 Inner Flame              Hex/Fire       14%        N/A       10%         3
 Passwall                 Erth           14%        N/A       10%         3
 Sigil of Binding         Hex            14%        N/A       10%         3
 Swiftness                Air            14%        N/A       10%         3
 Freezing Cloud           Conj/Ice/Air   17%        6-21      24%         5
 Dimensional Bullseye     Hex/Tloc       7%         N/A       32%         4
 Ignite Poison            Fire/Alch      14%        N/A       32%         4
 Sticky Flame             Fire/Alch      14%        2d5       32%         4


Dungeon Overview and Level Annotations

Branches:
Dungeon (9/15)             Temple (0/1) D:6         Ossuary (visited)
   Lair: D:8-11         Orc: D:9-12

Shops:
D:2 [   D:4 :


Innate Abilities, Weirdness & Mutations

You have an increased reservoir of magic. (+10% MP)
You shall have no god before yourself.
Your divine heritage dramatically boosts your attributes as you level up.


Message History

a +0 giant club; a +0 giant club You now have 625 gold pieces (gained 17).
Found a stone staircase leading down.
Found a stone staircase leading up.
You can't see any susceptible monsters within range! (Use Z to cast anyway.)
Found an escape hatch in the ceiling.
u - 4 scrolls of enchant weapon (gained 1)
A steam dragon comes into view.
The steam dragon hisses angrily.
The magic dart hits the steam dragon.
The steam dragon is lightly wounded.
The steam dragon breathes steam at you. The ball of steam hits you!!
Casting: Magic Dart (safe; 1% risk of failure)
Confirm with . or Enter, or press ? or * to list all spells.
You erupt in a blast of force!
The mystic blast hits the steam dragon but does no damage.
The steam dragon is lightly wounded.
You are engulfed in a cloud of scalding steam.
Unknown command.
Unknown command.
Casting: Iskenderun's Mystic Blast (dangerous; 4% risk of failure)
Confirm with . or Enter, or press ? or * to list all spells.
You erupt in a blast of force!
The mystic blast hits the steam dragon but does no damage.
The steam dragon is lightly wounded.
You are engulfed in a cloud of scalding steam.
The steam dragon breathes steam at you. The ball of steam hits you!!
* * * LOW HITPOINT WARNING * * *
Casting: Iskenderun's Mystic Blast (dangerous; 4% risk of failure)
Confirm with . or Enter, or press ? or * to list all spells.
You erupt in a blast of force!
The mystic blast hits the steam dragon!
The steam dragon is heavily wounded.
You are engulfed in a cloud of scalding steam.
* * * LOW HITPOINT WARNING * * *
The steam dragon bites you.
* * * LOW HITPOINT WARNING * * *
The steam dragon claws you.
You die...

#.#...# #.# #.#.#####.#
#..####.## ###...##.##
### #.........# #..
#.#...###.# #.#
##.##.####.####.####.#
.#..........##...D....#
.#..##.####.##.#@#
.......# #.##.#.#
.#..#### #.##.#.#
.#..#######.##<#.#
.................#
.#####.########### <
...# #####


You could see a steam dragon (catching breath).

Vanquished Creatures
  A two-headed ogre (D:9)
  Maggie (D:7)
  Sigmund (D:3)
  A wyvern (D:9)
  2 water moccasins
  An orc warrior (D:8)
  2 sky beasts (D:7)
  2 black bears
  An ice beast (D:8)
  A centaur (D:5)
  4 elf zombies (Ossuary)
  Blork the orc (D:4)
  A kobold brigand (D:8)
  A bullfrog (D:7)
  2 scorpions
  3 wights (D:7)
  6 killer bees (D:9)
  A howler monkey (D:5)
  An electric eel (D:6)
  3 bombardier beetles
  A human zombie (Ossuary)
  4 orc priests
  5 hounds
  2 jellies
  Jessica (D:3)
  2 iguanas
  2 sleepcaps
  5 orc wizards
  A hound zombie (Ossuary)
  4 mummies (Ossuary)
  4 gnolls (D:4)
  8 adders
  A shadow imp (D:8)
  2 white imps
  2 ufetubi (D:6)
  3 dart slugs
  19 orcs
  8 ball pythons
  5 endoplasms
  A gnoll zombie (Ossuary)
  4 goblins
  4 hobgoblins
  4 jackals (D:3)
  3 quokkas
  2 bats
  2 frilled lizards
  A goblin zombie (Ossuary)
  A hobgoblin zombie (Ossuary)
  A jackal zombie (Ossuary)
  8 kobolds
  An orc zombie (Ossuary)
  5 rats
  A rat zombie (Ossuary)
153 creatures vanquished.

Vanquished Creatures (others)
  A kraken (D:1)
  A vine stalker (D:1)
  2 merfolk (D:1)
  A spriggan (D:1)
  A human (D:1)
  A naga (D:1)
  A demigod (D:1)
  An oni (D:1)
  A tengu (D:1)
  5 tentacles (D:1)
15 creatures vanquished.

Grand Total: 168 creatures vanquished

Notes
Turn   | Place    | Note
-------+----------+-------------------------------------------
     0 | D:1      | McKennaii the Demigod Conjurer began the quest for the Orb.
     0 | D:1      | Reached XP level 1. HP: 14/14 MP: 5/5
     0 | D:1      | Noticed an oni
     0 | D:1      | Noticed a merfolk
     0 | D:1      | Noticed a naga
     0 | D:1      | Noticed a tengu
     0 | D:1      | Noticed a demigod
     0 | D:1      | Noticed a draconian
     0 | D:1      | Noticed a kraken
     0 | D:1      | Noticed a human
     0 | D:1      | Noticed a spriggan
     0 | D:1      | Noticed a minotaur
     0 | D:1      | Noticed a merfolk
     0 | D:1      | Noticed a vine stalker
     0 | D:1      | Noticed a draconian
     3 | D:1      | Killed a human
     6 | D:1      | Killed a merfolk
     8 | D:1      | Killed a demigod
     8 | D:1      | Killed a spriggan
     9 | D:1      | Killed a naga
    11 | D:1      | Killed an oni
    12 | D:1      | Killed a tengu
    12 | D:1      | Killed a vine stalker
    13 | D:1      | Killed a merfolk
    13 | D:1      | Killed a kraken
   476 | D:1      | Reached XP level 2. HP: 20/20 MP: 3/7
   830 | D:2      | Reached skill level 4 in Conjurations
   991 | D:2      | Reached XP level 3. HP: 22/26 MP: 3/9
  1196 | D:2      | Identified the +3 rapier "Piatung" {venom, rElec rCorr}
  1382 | D:2      | Learned a level 2 spell: Searing Ray
  1520 | D:2      | Found Xuaj's Antique Armour Boutique.
  1789 | D:3      | Noticed Sigmund
  2254 | D:3      | Killed Sigmund
  2255 | D:3      | Reached skill level 5 in Conjurations
  2255 | D:3      | Reached XP level 4. HP: 33/33 MP: 4/12
  2255 | D:3      | Reached XP level 5. HP: 38/38 MP: 4/13
  2409 | D:3      | You fall into a shaft and drop 1 floor!
  2768 | D:3      | Noticed Jessica
  2770 | D:3      | Killed Jessica
  3049 | D:4      | Reached XP level 6. HP: 45/45 MP: 8/15
  3054 | D:4      | Learned a level 4 spell: Iskenderun's Mystic Blast
  3267 | D:4      | Found Qoligresar's Book Shop.
  3270 | D:4      | Noticed Blork the orc
  3290 | D:4      | HP: 1/45 [Blork the orc/magic dart (9)]
  3294 | D:4      | Killed Blork the orc
  3412 | D:4      | Reached skill level 6 in Conjurations
  3993 | D:5      | Entered Level 5 of the Dungeon
  4304 | D:5      | Reached XP level 7. HP: 50/50 MP: 11/17
  4311 | D:5      | Reached skill level 5 in Spellcasting
  4312 | D:5      | HP: 2/50 [orc priest/divine providence (12)]
  4422 | D:5      | Found a sand-covered staircase.
  4428 | Ossuary  | Entered an ossuary
  4680 | Ossuary  | Reached skill level 7 in Conjurations
  5066 | D:5      | Reached XP level 8. HP: 53/57 MP: 15/20
  5247 | D:5      | Identified a scroll of acquirement
  6398 | D:6      | Found a staircase to the Ecumenical Temple.
  6875 | D:6      | Reached skill level 8 in Conjurations
  7567 | D:7      | Noticed Maggie
  7585 | D:7      | Killed Maggie
  7893 | D:7      | Reached XP level 9. HP: 62/62 MP: 19/24
  7958 | D:7      | Reached skill level 9 in Conjurations
 10006 | D:9      | Noticed a two-headed ogre
 10016 | D:9      | Killed a two-headed ogre
 10017 | D:9      | Reached skill level 10 in Conjurations
 10211 | D:9      | HP: 3/62 [steam dragon (1)]
 10211 | D:9      | Slain by a steam dragon

Illustrated notes

Levels and vault maps discovered:
D:1:      nicolae_arrival_kraken_aquarium_a, layout_loops_ring
D:2:      layout_basic, serial_shops, shop, grunt_ministairs_6
D:3:      layout_loops_ring, lemuel_tele_altar,
          shapermc_ecumenical_altar_notcrosses, serial_aquarium,
          aquarium_bridge_long_joined [aquarium_subvault_bridge,
          aquarium_subvault_wall, aquarium_subvault_bridge,
          aquarium_subvault_wall, aquarium_subvault_window,
          aquarium_subvault_window], aquarium_window_corridor_1,
          aquarium_window_corner, aquarium_window_2, aquarium_window_fake,
          aquarium_view_2g, aquarium_balcony_double_1, uniq_sigmund,
          uniq_jessica
D:4:      layout_loops_ring, serial_shops, shop, uniq_blork_the_orc
D:5:      layout_layer_cave, mainiacjoe_overflow_catwalk, old_standard_altar,
          beargit_hepliaklqana_dungeon_heroes, enter_ossuary_1
D:6:      layout_basic, nicolae_wu_jian_immortal_techniques,
          minmay_temple_entry_glass, serial_bayou_pond_b
D:7:      layout_loops_cross, uniq_maggie
D:8:      layout_basic, serial_curves, eino_curves_03, eino_curves_03
D:9:      layout_loops_ring, nicolae_demonic_statue_gallery

Skill      XL: |  1  2  3  4  5  6  7  8  9 |
---------------+----------------------------+-----
Spellcasting   | 2 3 4 6 7 9 |  9.1
Conjurations   | 4 5 6 7 8 10 | 10.0
Dodging        | |  1.7
Stealth        | |  1.7

Action                     |  1- 3 |  4- 6 |  7- 9 || total
---------------------------+-------+-------+-------++-------
  Melee: Unarmed           |     1 |       |       ||     1
         Rapier            |       |     8 |    18 ||    26
   Cast: Magic Dart        |    64 |    66 |   148 ||   278
         Searing Ray       |     3 |     8 |    52 ||    63
         Iskenderun's Myst |       |       |    13 ||    13
    Use: Potion            |       |     1 |     1 ||     2
         Scroll            |       |       |    10 ||    10
 Armour: Robe              |     9 |    20 |   105 ||   134
  Dodge: Dodged            |     8 |    20 |    95 ||   123
